 Dungeon Crawl Stone Soup version 0.25-a0-668-gea548f19b6 (webtiles) character file.

Game seed: 4717749795477111165, levelgen mode: deterministic

80 Alarkh the Slasher (level 4, 35/35 HPs)
             Began as a Demonspawn Fighter on Mar 28, 2020.
             Got out of the dungeon alive.
             The game lasted 00:01:13 (1015 turns).

Alarkh the Slasher (Demonspawn Fighter)             Turns: 1015, Time: 00:01:14

Health: 35/35      AC:  6    Str: 16    XL:     4   Next: 18%
Magic:  4/4        EV:  6    Int: 11    God:
Gold:   90         SH:  8    Dex: 12    Spells: 3/3 levels left

rFire    . . .     SeeInvis .   a - +0 long sword
rCold    . . .     Gourm    .   c - +0 kite shield
rNeg     . . .     Faith    .   b - +0 scale mail
rPois    .         Spirit   .   (no helmet)
rElec    .         Reflect  .   (no cloak)
rCorr    .         Harm     .   (no gloves)
MR       .....                  (no boots)
Stlth    ..........             (no amulet)
HPRegen  0.11/turn              (no ring)
MPRegen  0.09/turn              (no ring)

@: no status effects
A: claws 1, demonic guardian 1, powered by death 1
a: no special abilities


You escaped.
You were not hungry.

You visited 1 branch of the dungeon, and saw 2 of its levels.

You collected 90 gold pieces.

Inventory:

Hand Weapons
 a - a +0 long sword (weapon)
Armour
 b - a +0 scale mail (worn)
 c - a +0 kite shield (worn)
Scrolls
 h - a scroll of remove curse {unknown}
 i - a scroll of random uselessness {unknown}
 j - 2 scrolls of identify {unknown}
 k - a scroll of teleportation {unknown}
 l - a scroll of enchant armour {unknown}
 m - a scroll of magic mapping {unknown}
 n - a scroll of enchant weapon {unknown}
Potions
 d - 2 potions of might
 e - a potion of degeneration {unknown}
Comestibles
 f - 2 rations


   Skills:
 - Level 3.0 Fighting
 + Level 4.1 Long Blades
 - Level 2.6 Armour
 - Level 2.6 Shields


You had 3 spell levels left.
You didn't know any spells.
Your spell library was empty.

Dungeon Overview and Level Annotations

Branches:
Dungeon (2/15)

Altars:
Elyvilon
Hepliaklqana
Nemelex Xobeh
Ru
Xom


Innate Abilities, Weirdness & Mutations

You have sharp fingernails.
A weak demonic guardian rushes to your aid.
You regenerate a little health from kills.


Message History

No target in view!
No target in view!
No target in view!
No target in view!
No target in view!
(D) Dungeon
Where to? (Enter - D:2 @ (x,y), ? - help)
You swap places.
Your white imp disappears in a puff of smoke!
There is an escape hatch in the ceiling here.
A mysterious force pulls you upwards. The hatch slams shut behind you.
Eating a chunk of flesh.
You eat the chunk of flesh.
This raw flesh tastes terrible.
You see here a runed dagger.
HP restored.
There is an open door here.
You see here a stone.
There is a staircase leading out of the dungeon here.
Are you sure you want to leave the Dungeon?
This will make you lose the game!
You have escaped!

#...##..#####≈≈≈≈≈≈≈#####..###.##
..###.### #≈≈§.....≈≈≈# ###.##..#
#.##.## #).......)..# ##.##.#
..##.# ######'###### #.##.#
..##.##### ###8'8#8### #####.##.#
..#.##≈..###.........###...##.#.#
..#.#§≈..##........(..##....#.#.#
..#.#≈§§.#(............#....#.#.#
..#.+≈.§((8.....@......(....'...#
..#.#≈§.(##............#....#.###
..#.#≈≈§.##...........##....#.#
#.#.##§..###....((.(.###...##.#
#.#.###### ####8'8#### #####.##
#.##.# ######(###### #.# #.##.##
#........§§.# ##.# #..##.###
#≈≈≈§.§§.§≈§# ###.##
##..##..#####≈≈≈≈≈§§#####..##


There were no monsters in sight!

Vanquished Creatures
  An adder (D:2)
  An ooze (D:1)
  A worm (D:2)
  A leopard gecko (D:1)
  3 giant cockroaches (D:1)
  4 hobgoblins
  8 jackals
  3 bats
  A frilled lizard (D:1)
  6 goblins
  5 kobolds (D:1)
  4 rats
38 creatures vanquished.

Vanquished Creatures (collateral kills)
  An iguana (D:2)
1 creature vanquished.

Grand Total: 39 creatures vanquished

Notes
Turn   | Place    | Note
-------+----------+-------------------------------------------
     0 | D:1      | Alarkh the Demonspawn Fighter began the quest for the Orb.
     0 | D:1      | Reached XP level 1. HP: 18/18 MP: 1/1
    18 | D:1      | Reached skill level 2 in Long Blades
    89 | D:1      | Gained mutation: You regenerate a little health from kills.
                  | [demonic ancestry]
    89 | D:1      | Reached XP level 2. HP: 19/24 MP: 2/2
   113 | D:1      | Reached skill level 3 in Long Blades
   229 | D:1      | Gained mutation: A weak demonic guardian rushes to your
                  | aid. [demonic ancestry]
   229 | D:1      | Reached XP level 3. HP: 29/29 MP: 3/3
   417 | D:1      | Found a radiant altar of Vehumet.
   419 | D:1      | Found a shimmering altar of Xom.
   419 | D:1      | Found a white marble altar of Elyvilon.
   421 | D:1      | Found a hazy altar of Hepliaklqana.
   421 | D:1      | Found a sacrificial altar of Ru.
   421 | D:1      | Found a shimmering altar of Xom.
   896 | D:2      | Found a sparkling altar of Nemelex Xobeh.
   921 | D:2      | Reached skill level 4 in Long Blades
   921 | D:2      | Gained mutation: You have sharp fingernails. [demonic
                  | ancestry]
   921 | D:2      | Reached XP level 4. HP: 23/35 MP: 4/4
  1015 | D:$      | Got out of the dungeon alive.

Levels and vault maps discovered:
D:1:      dpeg_arrival_morbid_curiosity, layout_rooms, doesnt_xom_only_xom
D:2:      layout_rooms, nemelex_diamond_rough_becter, uniq_sigmund

Skill      XL: |  1  2  3 |
---------------+----------+-----
Long Blades    | 2 3 4 |  4.1
Fighting       | |  3.0
Armour         | |  2.6
Shields        | |  2.6

Action                   |  1- 3 |  4- 6 || total
-------------------------+-------+-------++-------
Melee: Long sword        |   104 |     5 ||   109
 Stab: Distracted        |     1 |       ||     1
  Eat: Chunk             |       |     1 ||     1
Armor: Scale mail        |    48 |       ||    48
Dodge: Dodged            |    26 |     2 ||    28
Block: Kite shield       |    55 |     3 ||    58
       Rpst.: Long sword |     6 |       ||     6

Table legend:
 A = Non-vault XP
 B = Vault XP
 C = Vault XP percentage of total XP
 D = Non-vault monster count
 E = Vault monster count
 F = Vault count percentage of total count
                 A         B        C        D         E       F
            +---------+---------+-------+---------+---------+-------
      Total |     107 |       8 |   7.0 |      34 |       5 |  12.8
            +---------+---------+-------+---------+---------+-------
        D:1 |      50 |       8 |  13.8 |      25 |       5 |  16.7
        D:2 |      57 |       0 |   0.0 |       9 |       0 |   0.0
            +---------+---------+-------+---------+---------+-------
